[Event "FIDE World Cadets GU12 2022"]
[Site "Batumi"]
[Date "2022.09.17"]
[Round "2.18"]
[White "Krkyasharyan, Sona"]
[Black "Hamadeh, Sally"]
[Result "1-0"]
[ECO "E11"]
[WhiteElo "1484"]
[BlackElo "1096"]
[Annotator "NA COMBH"]
[PlyCount "127"]
[EventDate "2022.09.16"]
[EventType "swiss"]
[EventCountry "GEO"]
[SourceTitle "playchess.com"]
[Source "ChessBase"]
[SourceQuality "1"]
[TimeControl "5400+30"]

1. d4 Nf6 2. c4 e6 3. g3 Bb4+ 4. Bd2 Bxd2+ 5. Nxd2 O-O 6. Bg2 d6 7. Ngf3 Nbd7 8. O-O b6 9. Ne5 d5 10. Nc6 Qe8 11. e4 Nxe4 12. Nxe4 dxe4 13. Bxe4 Bb7 14. Qc2 Nf6 15. Ne7+ Qxe7 16. Bxb7 Rad8 17. d5 exd5 18. cxd5 Nxd5 19. Rfe1 Qd7 20. Rad1 Qb5 21. Bc6 Qa5 22. Re5 Nb4 23. Rxa5 Nxc2 24. Rxd8 Rxd8 25. Rxa7 Nd4 26. Rxc7 Nxc6 27. Rxc6 Rb8 28. Kf1 Kf8 29. Ke2 Ke7 30. Rc7+ Kf6 31. Kd3 Rd8+ 32. Kc3 Ra8 33. a3 Rb8 34. Kb4 Ke6 35. Kb5 Rd8 36. Rc2 Rd5+ 37. Kxb6 Rh5 38. h4 Ke7 39. a4 Re5 40. a5 h5 41. a6 Re6+ 42. Kb7 Re4 43. a7 Rb4+ 44. Kc8 Ra4 45. Rc7+ Ke6 46. Kb8 Rb4+ 47. Rb7 Rd4 48. a8=Q Rd8+ 49. Ka7 Rxa8+ 50. Kxa8 g6 51. b4 f5 52. b5 Ke5 53. Rg7 Ke4 54. Rxg6 Kf3 55. Rg5 Kxf2 56. Rxf5+ Kxg3 57. Rxh5 Kh3 58. Rg5 Kxh4 59. Rg8 Kh3 60. b6 Kh2 61. b7 Kh1 62. Rg7 Kh2 63. b8=Q+ Kh1 64. Qh8# 1-0